Lightning vs Jets

Created - October-14-12 at 19:40

Goals
1 2 3 OT1 SO T
Lightning 1 0 1 0 3 3
Jets 0 2 0 0 2 2
Shots
1 2 3 OT1 SO T
Lightning 7 3 11 0 6 21
Jets 4 10 8 0 6 22

1st period

1. Lightning , Martin St. Louis 1 (Brent Seabrook, Patrick Kane) at 15:30 (PP)

Penalties :
Jaroslav Spacek (TBL) for Roughing (Minor) at 1:38, Mark Giordano (WPG) for Cross-checking (Minor) at 8:18, Pierre-Alexandr Parenteau (WPG) for Tripping (Minor) at 13:35, Jaroslav Spacek (TBL) for Interference (Minor) at 18:28

2nd period

2. Jets , Stephen Weiss 1 (Pierre-Alexandr Parenteau, Mark Fistric) at 16:38
3. Jets , Erik Cole 2 (Henrik Sedin, Martin Erat) at 18:30

Penalties :
Kevin Klein (WPG) for Cross-checking (Minor) at 0:47, Patrick Sharp (TBL) for Roughing (Minor) at 0:47, Jamie Benn (WPG) for Interference (Minor) at 11:45

3rd period

4. Lightning , Patrick Kane 2 (Brent Seabrook, Martin St. Louis) at 7:41 (PP)

Penalties :
Mark Giordano (WPG) for Slashing (Minor) at 7:08, Patrick Sharp (TBL) for Hooking (Minor) at 8:59, Mark Fistric (WPG) for Interference (Minor) at 11:24

Overtime #1

No Goal

Penalties :
Andrej Meszaros (TBL) for Interference (Minor) at 4:39

Shootout

Penalty Shot by Martin St. Louis for Lightning - Stopped by Ilya Bryzgalov
Penalty Shot by Stephen Weiss for Jets - Goal!
Penalty Shot by Patrick Kane for Lightning - Goal!
Penalty Shot by Jamie Benn for Jets - Stopped by Jaroslav Halak
Penalty Shot by Patrick Sharp for Lightning - Shot Misses the Net
Penalty Shot by Martin Erat for Jets - Stopped by Jaroslav Halak
Penalty Shot by Tomas Plekanec for Lightning - Stopped by Ilya Bryzgalov
Penalty Shot by Erik Cole for Jets - Shot Misses the Net
Penalty Shot by Scott Hartnell for Lightning - Goal!
Penalty Shot by Pierre-Alexandr Parenteau for Jets - Goal!
Penalty Shot by Teddy Purcell for Lightning - Goal!
Penalty Shot by David Booth for Jets - Stopped by Jaroslav Halak

Penalties :
No Penalty

Goalie Stats

Jaroslav Halak (TBL), 20 saves from 22 shots - (0.909), W, 1-1-0, 65:00 minutes
Ilya Bryzgalov (WPG), 19 saves from 21 shots - (0.905), OTL, 1-0-2, 65:00 minutes

Players Stats for Lightning

Player Name              G  A  P  +/- PIM S  H  SB GA TA FO     MP     PP MP  PK MP  
------------------------------------------------------------------------------------
Andrej Meszaros          0  0  0  -1  2   2  4  1  0  0  0/0    23:41   2:47   2:52 
Andrew Brunette          0  0  0   0  0   0  0  0  0  0  0/0     7:39   0:00   1:13 
Brent Seabrook           0  2  2  -1  0   2  5  4  0  0  0/0    29:09   5:38   3:05 
Jaroslav Spacek          0  0  0  -1  4   0  0  0  0  0  0/0    15:11   2:47   0:20 
Josh Gorges              0  0  0   0  0   1  1  3  0  0  0/0    23:14   0:00   3:05 
Marek Zidlicky           0  0  0  -1  0   0  0  1  0  0  0/0    16:56   4:50   0:00 
Martin Havlat            0  0  0  -1  0   2  0  0  0  0  0/0    16:16   4:04   0:00 
Martin St. Louis         1  1  2   0  0   1  0  0  0  0  0/3    20:13   4:21   0:00 
Mike Knuble              0  0  0   0  0   0  0  0  0  0  0/1     5:02   0:00   0:00 
Nick Spaling             0  0  0   0  0   0  0  0  0  0  2/2     8:07   0:00   3:05 
Patrick Kane             1  1  2   0  0   3  0  0  0  0  7/21   25:18   4:21   2:52 
Patrick Sharp            0  0  0   0  4   1  3  0  0  0  1/5    22:34   4:21   1:39 
Paul Stastny             0  0  0  -1  0   4  1  0  0  0  11/26  18:56   4:04   0:00 
Petr Sykora              0  0  0  -1  0   3  1  0  0  0  0/0    12:04   0:00   0:00 
Scott Hartnell           0  0  0  -1  0   1  1  0  0  0  0/1    16:16   4:04   0:00 
Teddy Purcell            0  0  0  -1  0   1  1  0  0  0  0/0    12:04   0:00   0:00 
Tim Gleason              0  0  0   0  0   0  2  0  0  0  0/0    21:46   0:48   3:12 
Tomas Plekanec           0  0  0  -1  0   0  0  1  0  0  11/22  17:13   0:00   3:25 

Players Stats for Jets

Player Name              G  A  P  +/- PIM S  H  SB GA TA FO     MP     PP MP  PK MP  
------------------------------------------------------------------------------------
Cam Fowler               0  0  0   0  0   0  0  0  0  0  0/0     8:04   3:10   0:54 
Clarke MacArthur         0  0  0   0  0   1  0  0  0  0  0/1    11:38   0:00   0:13 
Dainius Zubrus           0  0  0   0  0   0  0  0  0  0  0/0     9:30   0:00   6:09 
David Backes             0  0  0   0  0   3  2  1  0  0  13/21  13:56   0:00   5:52 
David Booth              0  0  0   0  0   1  1  0  0  0  0/0     8:04   0:00   0:00 
Erik Cole                1  0  1   1  0   3  2  0  0  0  0/0    24:05   2:47   0:00 
Filip Kuba               0  0  0   1  0   0  1  2  0  0  0/0    27:42   2:47   3:57 
Henrik Sedin             0  1  1   1  0   3  0  0  0  0  16/24  24:25   2:47   0:00 
James Wisniewski         0  0  0   1  0   1  1  0  0  0  0/0    23:59   2:47   0:14 
Jamie Benn               0  0  0   1  2   1  3  0  0  0  1/1    20:33   3:10   0:00 
Kevin Klein              0  0  0   0  2   1  1  5  0  0  0/0    20:32   0:00   4:18 
Mark Fistric             0  1  1   1  2   0  2  0  0  0  0/0     9:37   0:00   0:13 
Mark Giordano            0  0  0   0  4   2  3  4  0  0  0/0    23:22   3:10   3:07 
Martin Erat              0  1  1   1  0   1  0  0  0  0  1/2    22:13   2:47   2:03 
Martin Hanzal            0  0  0   0  0   0  1  0  0  0  6/10    5:55   0:00   2:03 
Pierre-Alexandr Parentea 0  1  1   1  2   1  0  0  0  0  2/2    18:11   3:10   0:00 
Ron Hainsey              0  0  0   1  0   0  2  0  0  0  0/0    16:40   0:00   4:07 
Stephen Weiss            1  0  1   1  0   4  0  0  0  0  10/20  21:04   3:10   0:30 

3 Stars

1 - Brent Seabrook (TBL)
2 - Martin St. Louis (TBL)
3 - Patrick Kane (TBL)

Power Play

Lightning - 2 on 5 Attempt(s) - 40.00%
Jets - 0 on 4 Attempt(s) - 0.00%

Penalty Kill

Lightning - 4 on 4 Attempt(s) - 100.00% - Score 0 goal in Penalty Kill
Jets - 3 on 5 Attempt(s) - 60.00% - Score 0 goal in Penalty Kill

Official

Referees : Mike Leggo and Don VanMassenhoven
Linesman : Jay Sharrers and Brad Kovachik

Game Notes

No Game Note

Finance

Level 1 -- Attendance: 3213 (53.55%) -- Ticket Income $803,250
Level 2 -- Attendance: 2325 (46.50%) -- Ticket Income $465,000
Level 3 -- Attendance: 1698 (77.18%) -- Ticket Income $254,700
Level 4 -- Attendance: 1015 (100.00%) -- Ticket Income $101,500
Luxury Box -- Attendance: 493 (61.63%) -- Ticket Income $231,710
Game was played at the MTS Center
Total Attendance: 8744 (58.24%)
Total Ticket Income: $1,856,160
Other Income: $278,424
Total Income: $2,134,584


% Time on Ice - Lightning

Lines # - Real PCT - Wanted PCT - Time Play
Normal Forward
1 - 33% - 40% - 14:21
2 - 28% - 30% - 12:12
3 - 28% - 25% - 12:04
4 - 12% - 5% - 5:02
Normal Defense
1 - 34% - 40% - 14:55
2 - 34% - 30% - 14:38
3 - 28% - 20% - 12:06
4 - 5% - 10% - 2:00
PP Forward
1 - 52% - 60% - 4:21
2 - 48% - 40% - 4:04
PP Defense
1 - 67% - 60% - 5:38
2 - 33% - 40% - 2:47
PK Forward
1 - 48% - 50% - 2:52
2 - 52% - 50% - 3:05
PK Defense
1 - 52% - 60% - 3:05
2 - 48% - 40% - 2:52
PK3 Forward
1 - 100% - 50% - 0:20
2 - 0% - 50% - 0:00
PK3 Defense
1 - 0% - 60% - 0:00
2 - 100% - 40% - 0:20
44 Forward
1 - 77% - 60% - 5:08
2 - 23% - 40% - 1:31
44 Defense
1 - 53% - 60% - 3:31
2 - 47% - 40% - 3:08
Last Minute Offensive  - 0:00
Last Minute Defensive  - 0:00
Total
Forward - 65:00
Defense - 65:00

% Time on Ice - Jets

Lines # - Real PCT - Wanted PCT - Time Play
Normal Forward
1 - 40% - 40% - 17:23
2 - 34% - 30% - 14:51
3 - 18% - 20% - 8:04
4 - 8% - 10% - 3:21
Normal Defense
1 - 40% - 40% - 17:16
2 - 32% - 30% - 13:50
3 - 22% - 20% - 9:25
4 - 7% - 10% - 3:08
PP Forward
1 - 47% - 60% - 2:47
2 - 53% - 40% - 3:10
PP Defense
1 - 47% - 60% - 2:47
2 - 53% - 40% - 3:10
PK Forward
1 - 76% - 60% - 6:22
2 - 24% - 40% - 2:03
PK Defense
1 - 49% - 60% - 4:07
2 - 51% - 40% - 4:18
PK3 Forward
1 - 0% - 60%
2 - 0% - 40%
PK3 Defense
1 - 0% - 60%
2 - 0% - 40%
44 Forward
1 - 63% - 60% - 4:26
2 - 37% - 40% - 2:33
44 Defense
1 - 53% - 60% - 3:42
2 - 47% - 40% - 3:17
Last Minute Offensive  - 0:00
Last Minute Defensive  - 0:00
Total
Forward - 65:00
Defense - 65:00

Play by Play

1st period


0:01 of 1st period - Henrik Sedin wins face-off versus Patrick Sharp in neutral zone.
0:30 of 1st period - Shot by Patrick Sharp.
0:30 of 1st period - Shot Misses the Net.
1:04 of 1st period - Shot by Scott Hartnell.
1:04 of 1st period - Deflect By Tomas Plekanec.
1:04 of 1st period - Shot Blocked by Kevin Klein.
1:06 of 1st period - Shot by Tomas Plekanec.
1:06 of 1st period - Shot Blocked by Kevin Klein.
1:08 of 1st period - Shot by Martin Havlat.
1:08 of 1st period - Stopped by Ilya Bryzgalov with a rebound.
1:10 of 1st period - Shot by Josh Gorges.
1:10 of 1st period - Stopped by Ilya Bryzgalov with a rebound.
1:25 of 1st period - Off-side.
1:26 of 1st period - Paul Stastny wins face-off versus David Backes in neutral zone.
1:38 of 1st period - Minor Penalty to Jaroslav Spacek for Roughing.
1:39 of 1st period - Tomas Plekanec wins face-off versus Stephen Weiss in Lightning zone.
1:46 of 1st period - Shot by Mark Giordano.
1:46 of 1st period - Shot Blocked by Josh Gorges.
4:06 of 1st period - Icing by Jaroslav Spacek.
4:07 of 1st period - Martin Hanzal wins face-off versus Paul Stastny in Lightning zone.
4:24 of 1st period - Shot by Teddy Purcell.
4:24 of 1st period - Shot Misses the Net.
4:26 of 1st period - Shot by Petr Sykora.
4:26 of 1st period - Stopped by Ilya Bryzgalov without a rebound.
4:27 of 1st period - Henrik Sedin wins face-off versus Tomas Plekanec in Jets zone.
4:59 of 1st period - Erik Cole is hit by Brent Seabrook and loses puck.
5:35 of 1st period - Shot by Martin St. Louis.
5:35 of 1st period - Shot Misses the Net.
6:10 of 1st period - Shot by Teddy Purcell.
6:10 of 1st period - Shot Misses the Net.
7:20 of 1st period - Shot by Stephen Weiss.
7:20 of 1st period - Shot Blocked by Josh Gorges.
7:22 of 1st period - Shot by Mark Giordano.
7:22 of 1st period - Shot Misses the Net.
7:24 of 1st period - Shot by Kevin Klein.
7:24 of 1st period - Stopped by Jaroslav Halak without a rebound.
7:25 of 1st period - Patrick Kane wins face-off versus David Backes in Lightning zone.
8:18 of 1st period - Minor Penalty to Mark Giordano for Cross-checking.
8:19 of 1st period - Paul Stastny wins face-off versus David Backes in Jets zone.
9:18 of 1st period - Shot by Andrej Meszaros.
9:18 of 1st period - Stopped by Ilya Bryzgalov without a rebound.
9:19 of 1st period - David Backes wins face-off versus Patrick Sharp in Jets zone.
10:03 of 1st period - Icing by Scott Hartnell.
10:04 of 1st period - Martin Hanzal wins face-off versus Paul Stastny in Lightning zone.
10:04 of 1st period - James Wisniewski is hit by Andrej Meszaros and loses puck.
11:02 of 1st period - Kevin Klein is hit by Josh Gorges.
11:15 of 1st period - Tim Gleason is hit by Ron Hainsey and loses puck.
12:11 of 1st period - Icing by Ron Hainsey.
12:12 of 1st period - Henrik Sedin wins face-off versus Patrick Kane in Jets zone.
12:24 of 1st period - Icing by Marek Zidlicky.
12:25 of 1st period - Stephen Weiss wins face-off versus Patrick Kane in Lightning zone.
12:45 of 1st period - Patrick Kane is hit by Filip Kuba and loses puck.
12:55 of 1st period - Patrick Kane is hit by James Wisniewski and loses puck.
13:03 of 1st period - Icing by Filip Kuba.
13:04 of 1st period - Tomas Plekanec wins face-off versus Stephen Weiss in Jets zone.
13:18 of 1st period - Icing by Filip Kuba.
13:19 of 1st period - Stephen Weiss wins face-off versus Paul Stastny in Jets zone.
13:29 of 1st period - Stephen Weiss is hit by Brent Seabrook and loses puck.
13:35 of 1st period - Minor Penalty to Pierre-Alexandr Parenteau for Tripping.
13:36 of 1st period - David Backes wins face-off versus Martin St. Louis in Jets zone.
13:59 of 1st period - Shot by Patrick Kane.
13:59 of 1st period - Stopped by Ilya Bryzgalov without a rebound.
14:00 of 1st period - David Backes wins face-off versus Paul Stastny in Jets zone.
14:18 of 1st period - Icing by Andrej Meszaros.
14:19 of 1st period - David Backes wins face-off versus Paul Stastny in Lightning zone.
14:32 of 1st period - Shot by Paul Stastny.
14:32 of 1st period - Stopped by Ilya Bryzgalov without a rebound.
14:33 of 1st period - Patrick Kane wins face-off versus David Backes in Jets zone.
15:00 of 1st period - Shot by Marek Zidlicky.
15:00 of 1st period - Shot Misses the Net.
15:07 of 1st period - Icing by Patrick Kane.
15:08 of 1st period - Patrick Kane wins face-off versus David Backes in Lightning zone.
15:08 of 1st period - Patrick Kane is hit by David Backes.
15:30 of 1st period - Shot by Martin St. Louis.
15:30 of 1st period - Goal by Martin St. Louis - Lightning : 1 - Jets : 0.
15:31 of 1st period - Henrik Sedin wins face-off versus Tomas Plekanec in neutral zone.
15:37 of 1st period - Icing by Josh Gorges.
15:38 of 1st period - David Backes wins face-off versus Tomas Plekanec in Lightning zone.
15:44 of 1st period - Icing by Martin Havlat.
15:45 of 1st period - Tomas Plekanec wins face-off versus Stephen Weiss in Lightning zone.
15:45 of 1st period - Scott Hartnell is hit by Jamie Benn and loses puck.
16:30 of 1st period - Martin Havlat is hit by Mark Giordano and loses puck.
17:05 of 1st period - Shot by Martin Erat.
17:05 of 1st period - Shot Misses the Net.
17:13 of 1st period - Shot by Henrik Sedin.
17:13 of 1st period - Shot Blocked by Brent Seabrook.
18:07 of 1st period - Shot by Paul Stastny.
18:07 of 1st period - Shot Misses the Net.
18:28 of 1st period - Minor Penalty to Jaroslav Spacek for Interference.
18:29 of 1st period - Jamie Benn wins face-off versus Tomas Plekanec in Lightning zone.
19:08 of 1st period - Shot by Mark Giordano.
19:08 of 1st period - Stopped by Jaroslav Halak without a rebound.
19:09 of 1st period - Henrik Sedin wins face-off versus Patrick Kane in Lightning zone.
19:12 of 1st period - Shot by Erik Cole.
19:12 of 1st period - Stopped by Jaroslav Halak without a rebound.
19:13 of 1st period - Henrik Sedin wins face-off versus Patrick Kane in Lightning zone.
19:30 of 1st period - Shot by James Wisniewski.
19:30 of 1st period - Stopped by Jaroslav Halak without a rebound.
19:31 of 1st period - Stephen Weiss wins face-off versus Tomas Plekanec in Lightning zone.
19:33 of 1st period - Jamie Benn is hit by Andrej Meszaros and loses puck.
19:45 of 1st period - Stephen Weiss is hit by Andrej Meszaros and loses puck.

2nd period


0:01 of 2nd period - Patrick Kane wins face-off versus Henrik Sedin in neutral zone.
0:28 of 2nd period - Shot by Martin Erat.
0:28 of 2nd period - Shot Misses the Net.
0:47 of 2nd period - Minor Penalty to Kevin Klein for Cross-checking.
0:47 of 2nd period - Minor Penalty to Patrick Sharp for Roughing.
0:48 of 2nd period - Paul Stastny wins face-off versus Henrik Sedin in Jets zone.
0:59 of 2nd period - Shot by Patrick Kane.
0:59 of 2nd period - Shot Misses the Net.
2:16 of 2nd period - Shot by Stephen Weiss.
2:16 of 2nd period - Stopped by Jaroslav Halak without a rebound.
2:17 of 2nd period - Tomas Plekanec wins face-off versus Henrik Sedin in Lightning zone.
2:24 of 2nd period - Shot by Tomas Plekanec.
2:24 of 2nd period - Shot Blocked by Filip Kuba.
2:41 of 2nd period - Shot by Henrik Sedin.
2:41 of 2nd period - Stopped by Jaroslav Halak without a rebound.
2:42 of 2nd period - Henrik Sedin wins face-off versus Tomas Plekanec in Lightning zone.
2:57 of 2nd period - Shot by David Backes.
2:57 of 2nd period - Stopped by Jaroslav Halak without a rebound.
2:58 of 2nd period - Tomas Plekanec wins face-off versus Stephen Weiss in Lightning zone.
2:58 of 2nd period - Tomas Plekanec is hit by Jamie Benn.
3:23 of 2nd period - Icing by Mark Giordano.
3:24 of 2nd period - Stephen Weiss wins face-off versus Mike Knuble in Jets zone.
3:44 of 2nd period - Andrew Brunette is hit by Kevin Klein and loses puck.
4:38 of 2nd period - Shot by Martin St. Louis.
4:38 of 2nd period - Shot Misses the Net.
5:10 of 2nd period - Shot by Tomas Plekanec.
5:10 of 2nd period - Shot Blocked by Filip Kuba.
6:21 of 2nd period - Icing by Mark Fistric.
6:22 of 2nd period - David Backes wins face-off versus Patrick Kane in Jets zone.
6:33 of 2nd period - Shot by David Backes.
6:33 of 2nd period - Stopped by Jaroslav Halak with a rebound.
6:42 of 2nd period - Shot by Clarke MacArthur.
6:42 of 2nd period - Shot Misses the Net.
6:44 of 2nd period - Shot by David Backes.
6:44 of 2nd period - Stopped by Jaroslav Halak without a rebound.
6:45 of 2nd period - Stephen Weiss wins face-off versus Scott Hartnell in Lightning zone.
6:57 of 2nd period - Pierre-Alexandr Parenteau is hit by Brent Seabrook and loses puck.
8:01 of 2nd period - Icing by Cam Fowler.
8:02 of 2nd period - Martin Hanzal wins face-off versus Patrick Kane in Jets zone.
8:04 of 2nd period - Icing by Clarke MacArthur.
8:05 of 2nd period - Patrick Kane wins face-off versus Clarke MacArthur in Jets zone.
8:07 of 2nd period - Martin St. Louis is hit by Ron Hainsey and loses puck.
8:51 of 2nd period - Icing by James Wisniewski.
8:52 of 2nd period - Henrik Sedin wins face-off versus Paul Stastny in Jets zone.
8:52 of 2nd period - Filip Kuba is hit by Teddy Purcell and loses puck.
9:26 of 2nd period - Shot by Martin Erat.
9:26 of 2nd period - Deflect By Henrik Sedin.
9:26 of 2nd period - Stopped by Jaroslav Halak without a rebound.
9:27 of 2nd period - Tomas Plekanec wins face-off versus Stephen Weiss in Lightning zone.
9:41 of 2nd period - Icing by Andrej Meszaros.
9:42 of 2nd period - David Backes wins face-off versus Tomas Plekanec in Lightning zone.
9:53 of 2nd period - Tomas Plekanec is hit by David Booth and loses puck.
10:33 of 2nd period - Icing by Ron Hainsey.
10:34 of 2nd period - David Backes wins face-off versus Patrick Kane in Jets zone.
10:34 of 2nd period - David Backes is hit by Patrick Sharp.
11:45 of 2nd period - Minor Penalty to Jamie Benn for Interference.
11:46 of 2nd period - Paul Stastny wins face-off versus David Backes in Jets zone.
11:51 of 2nd period - Shot by Paul Stastny.
11:51 of 2nd period - Shot Blocked by Kevin Klein.
11:53 of 2nd period - Shot by Paul Stastny.
11:53 of 2nd period - Stopped by Ilya Bryzgalov with a rebound.
11:55 of 2nd period - Shot by Brent Seabrook.
11:55 of 2nd period - Shot Misses the Net.
11:57 of 2nd period - Shot by Brent Seabrook.
11:57 of 2nd period - Stopped by Ilya Bryzgalov without a rebound.
11:58 of 2nd period - Paul Stastny wins face-off versus David Backes in Jets zone.
12:27 of 2nd period - Shot by Marek Zidlicky.
12:27 of 2nd period - Shot Blocked by Mark Giordano.
12:29 of 2nd period - Shot by Marek Zidlicky.
12:29 of 2nd period - Shot Blocked by David Backes.
12:40 of 2nd period - Icing by Marek Zidlicky.
12:41 of 2nd period - Martin Hanzal wins face-off versus Paul Stastny in Lightning zone.
13:11 of 2nd period - David Backes is hit by Patrick Sharp and loses puck.
13:44 of 2nd period - Icing by Andrej Meszaros.
13:45 of 2nd period - Nick Spaling wins face-off versus Stephen Weiss in Lightning zone.
14:45 of 2nd period - Icing by Brent Seabrook.
14:46 of 2nd period - Henrik Sedin wins face-off versus Paul Stastny in Lightning zone.
14:58 of 2nd period - James Wisniewski is hit by Brent Seabrook.
15:11 of 2nd period - Shot by Martin Erat.
15:11 of 2nd period - Deflect By Erik Cole.
15:11 of 2nd period - Shot Blocked by Brent Seabrook.
15:53 of 2nd period - Icing by Brent Seabrook.
15:54 of 2nd period - Paul Stastny wins face-off versus Martin Hanzal in Lightning zone.
15:54 of 2nd period - Paul Stastny is hit by Martin Hanzal.
15:59 of 2nd period - Icing by Andrej Meszaros.
16:00 of 2nd period - Paul Stastny wins face-off versus Stephen Weiss in Lightning zone.
16:11 of 2nd period - Shot by Stephen Weiss.
16:11 of 2nd period - Stopped by Jaroslav Halak with a rebound.
16:18 of 2nd period - Shot by Stephen Weiss.
16:18 of 2nd period - Shot Misses the Net.
16:38 of 2nd period - Shot by Stephen Weiss.
16:38 of 2nd period - Goal by Stephen Weiss - Lightning : 1 - Jets : 1.
16:39 of 2nd period - Patrick Kane wins face-off versus Henrik Sedin in neutral zone.
16:46 of 2nd period - Shot by Patrick Sharp.
16:46 of 2nd period - Stopped by Ilya Bryzgalov without a rebound.
16:47 of 2nd period - Henrik Sedin wins face-off versus Patrick Sharp in Jets zone.
17:27 of 2nd period - Shot by Erik Cole.
17:27 of 2nd period - Deflect By Henrik Sedin.
17:27 of 2nd period - Stopped by Jaroslav Halak without a rebound.
17:28 of 2nd period - Tomas Plekanec wins face-off versus Stephen Weiss in Lightning zone.
17:51 of 2nd period - Icing by Marek Zidlicky.
17:52 of 2nd period - David Backes wins face-off versus Tomas Plekanec in Lightning zone.
18:00 of 2nd period - Icing by Marek Zidlicky.
18:01 of 2nd period - Tomas Plekanec wins face-off versus Henrik Sedin in Lightning zone.
18:20 of 2nd period - Shot by Martin Erat.
18:20 of 2nd period - Shot Blocked by Tomas Plekanec.
18:30 of 2nd period - Shot by Erik Cole.
18:30 of 2nd period - Goal by Erik Cole - Lightning : 1 - Jets : 2.
18:31 of 2nd period - David Backes wins face-off versus Patrick Kane in neutral zone.
19:06 of 2nd period - Shot by Patrick Sharp.
19:06 of 2nd period - Shot Blocked by Kevin Klein.
19:12 of 2nd period - Shot by Patrick Sharp.
19:12 of 2nd period - Shot Misses the Net.
19:14 of 2nd period - Shot by Brent Seabrook.
19:14 of 2nd period - Shot Misses the Net.
19:51 of 2nd period - Shot by Henrik Sedin.
19:51 of 2nd period - Shot Misses the Net.

3rd period


0:01 of 3rd period - Henrik Sedin wins face-off versus Patrick Kane in neutral zone.
0:17 of 3rd period - Icing by Filip Kuba.
0:18 of 3rd period - Martin Erat wins face-off versus Tomas Plekanec in Jets zone.
0:22 of 3rd period - Off-side.
0:23 of 3rd period - Stephen Weiss wins face-off versus Martin St. Louis in neutral zone.
1:28 of 3rd period - Tomas Plekanec is hit by Jamie Benn and loses puck.
1:35 of 3rd period - Shot by Scott Hartnell.
1:35 of 3rd period - Stopped by Ilya Bryzgalov with a rebound.
1:52 of 3rd period - Icing by Mark Giordano.
1:53 of 3rd period - Stephen Weiss wins face-off versus Paul Stastny in Jets zone.
2:15 of 3rd period - Shot by Erik Cole.
2:15 of 3rd period - Deflect By Henrik Sedin.
2:15 of 3rd period - Shot Misses the Net.
2:58 of 3rd period - Icing by Teddy Purcell.
2:59 of 3rd period - Martin Hanzal wins face-off versus Paul Stastny in Lightning zone.
3:06 of 3rd period - Shot by Clarke MacArthur.
3:06 of 3rd period - Stopped by Jaroslav Halak without a rebound.
3:07 of 3rd period - David Backes wins face-off versus Patrick Kane in Lightning zone.
3:14 of 3rd period - Shot by Clarke MacArthur.
3:14 of 3rd period - Shot Blocked by Andrej Meszaros.
4:13 of 3rd period - Mark Fistric is hit by Scott Hartnell and loses puck.
4:59 of 3rd period - Shot by Erik Cole.
4:59 of 3rd period - Stopped by Jaroslav Halak without a rebound.
5:00 of 3rd period - Stephen Weiss wins face-off versus Paul Stastny in Lightning zone.
5:11 of 3rd period - Shot by Petr Sykora.
5:11 of 3rd period - Stopped by Ilya Bryzgalov with a rebound.
5:17 of 3rd period - Shot by Stephen Weiss.
5:17 of 3rd period - Stopped by Jaroslav Halak without a rebound.
5:18 of 3rd period - Stephen Weiss wins face-off versus Patrick Kane in Lightning zone.
5:18 of 3rd period - Stephen Weiss is hit by Brent Seabrook.
6:23 of 3rd period - Erik Cole is hit by Petr Sykora and loses puck.
6:29 of 3rd period - Icing by Henrik Sedin.
6:30 of 3rd period - Tomas Plekanec wins face-off versus Martin Erat in Jets zone.
6:30 of 3rd period - Tomas Plekanec is hit by Mark Giordano.
6:44 of 3rd period - Shot by Scott Hartnell.
6:44 of 3rd period - Shot Blocked by Mark Giordano.
7:07 of 3rd period - Tomas Plekanec is hit by Mark Giordano.
7:08 of 3rd period - Minor Penalty to Mark Giordano for Slashing.
7:09 of 3rd period - David Backes wins face-off versus Patrick Kane in Jets zone.
7:24 of 3rd period - Dainius Zubrus is hit by Patrick Sharp and loses puck.
7:39 of 3rd period - Shot by Patrick Kane.
7:39 of 3rd period - Shot Misses the Net.
7:41 of 3rd period - Shot by Patrick Kane.
7:41 of 3rd period - Goal by Patrick Kane - Lightning : 2 - Jets : 2.
7:42 of 3rd period - Pierre-Alexandr Parenteau wins face-off versus Paul Stastny in neutral zone.
8:28 of 3rd period - Icing by Josh Gorges.
8:29 of 3rd period - Paul Stastny wins face-off versus Henrik Sedin in Lightning zone.
8:29 of 3rd period - Paul Stastny is hit by Erik Cole.
8:49 of 3rd period - Shot by Patrick Kane.
8:49 of 3rd period - Stopped by Ilya Bryzgalov without a rebound.
8:50 of 3rd period - Tomas Plekanec wins face-off versus Martin Hanzal in Jets zone.
8:53 of 3rd period - Shot by Martin Havlat.
8:53 of 3rd period - Stopped by Ilya Bryzgalov without a rebound.
8:54 of 3rd period - Henrik Sedin wins face-off versus Patrick Kane in Jets zone.
8:54 of 3rd period - Henrik Sedin is hit by Andrej Meszaros.
8:59 of 3rd period - Minor Penalty to Patrick Sharp for Hooking.
9:00 of 3rd period - Henrik Sedin wins face-off versus Patrick Kane in Lightning zone.
9:09 of 3rd period - Shot by Henrik Sedin.
9:09 of 3rd period - Shot Blocked by Brent Seabrook.
9:23 of 3rd period - Shot by Erik Cole.
9:23 of 3rd period - Deflect By Martin Erat.
9:23 of 3rd period - Stopped by Jaroslav Halak with a rebound.
10:20 of 3rd period - Shot by Jamie Benn.
10:20 of 3rd period - Stopped by Jaroslav Halak with a rebound.
10:22 of 3rd period - Shot by Cam Fowler.
10:22 of 3rd period - Shot Blocked by Josh Gorges.
10:24 of 3rd period - Shot by Mark Giordano.
10:24 of 3rd period - Shot Blocked by Brent Seabrook.
10:26 of 3rd period - Shot by Mark Giordano.
10:26 of 3rd period - Stopped by Jaroslav Halak with a rebound.
10:28 of 3rd period - Shot by Mark Giordano.
10:28 of 3rd period - Shot Misses the Net.
10:30 of 3rd period - Shot by Cam Fowler.
10:30 of 3rd period - Shot Misses the Net.
11:05 of 3rd period - Shot by Petr Sykora.
11:05 of 3rd period - Stopped by Ilya Bryzgalov without a rebound.
11:06 of 3rd period - Paul Stastny wins face-off versus Martin Hanzal in Jets zone.
11:06 of 3rd period - Teddy Purcell is hit by Mark Fistric and loses puck.
11:24 of 3rd period - Minor Penalty to Mark Fistric for Interference.
11:25 of 3rd period - David Backes wins face-off versus Paul Stastny in Jets zone.
11:49 of 3rd period - Shot by Paul Stastny.
11:49 of 3rd period - Stopped by Ilya Bryzgalov without a rebound.
11:50 of 3rd period - Patrick Kane wins face-off versus David Backes in Jets zone.
11:51 of 3rd period - Shot by Marek Zidlicky.
11:51 of 3rd period - Shot Blocked by Kevin Klein.
13:10 of 3rd period - Shot by Scott Hartnell.
13:10 of 3rd period - Shot Misses the Net.
13:12 of 3rd period - Shot by Andrej Meszaros.
13:12 of 3rd period - Stopped by Ilya Bryzgalov without a rebound.
13:13 of 3rd period - Martin Hanzal wins face-off versus Martin St. Louis in Jets zone.
14:02 of 3rd period - Shot by Pierre-Alexandr Parenteau.
14:02 of 3rd period - Shot Misses the Net.
15:11 of 3rd period - Shot by David Booth.
15:11 of 3rd period - Stopped by Jaroslav Halak with a rebound.
15:43 of 3rd period - Shot by David Booth.
15:43 of 3rd period - Shot Blocked by Marek Zidlicky.
15:51 of 3rd period - Patrick Kane is hit by David Backes and loses puck.
17:01 of 3rd period - Shot by Paul Stastny.
17:01 of 3rd period - Stopped by Ilya Bryzgalov with a rebound.
17:05 of 3rd period - Shot by Petr Sykora.
17:05 of 3rd period - Shot Misses the Net.
17:11 of 3rd period - Shot by Teddy Purcell.
17:11 of 3rd period - Stopped by Ilya Bryzgalov without a rebound.
17:12 of 3rd period - Nick Spaling wins face-off versus Martin Hanzal in Jets zone.
17:39 of 3rd period - Shot by Nick Spaling.
17:39 of 3rd period - Shot Misses the Net.
17:41 of 3rd period - Shot by Mike Knuble.
17:41 of 3rd period - Shot Misses the Net.
17:43 of 3rd period - Shot by Marek Zidlicky.
17:43 of 3rd period - Shot Misses the Net.
17:45 of 3rd period - Shot by Nick Spaling.
17:45 of 3rd period - Shot Blocked by Mark Giordano.
18:13 of 3rd period - Shot by Patrick Sharp.
18:13 of 3rd period - Shot Blocked by Mark Giordano.
18:15 of 3rd period - Shot by Andrej Meszaros.
18:15 of 3rd period - Shot Misses the Net.
18:21 of 3rd period - Shot by Brent Seabrook.
18:21 of 3rd period - Stopped by Ilya Bryzgalov without a rebound.
18:22 of 3rd period - Henrik Sedin wins face-off versus Tomas Plekanec in Jets zone.
18:28 of 3rd period - Martin Erat is hit by Tim Gleason and loses puck.
18:44 of 3rd period - Martin Erat is hit by Tim Gleason and loses puck.
19:30 of 3rd period - Icing by Pierre-Alexandr Parenteau.
19:31 of 3rd period - Paul Stastny wins face-off versus Stephen Weiss in Jets zone.
19:35 of 3rd period - Paul Stastny is hit by Mark Fistric and loses puck.
19:54 of 3rd period - Shot by Pierre-Alexandr Parenteau.
19:54 of 3rd period - Stopped by Jaroslav Halak with a rebound.
19:56 of 3rd period - Shot by Pierre-Alexandr Parenteau.
19:56 of 3rd period - Shot Misses the Net.

Overtime #1


0:01 of 1st overtime period - Henrik Sedin wins face-off versus Patrick Sharp in neutral zone.
0:35 of 1st overtime period - Off-side.
0:36 of 1st overtime period - Patrick Sharp wins face-off versus Henrik Sedin in neutral zone.
0:36 of 1st overtime period - Patrick Sharp is hit by Erik Cole.
1:18 of 1st overtime period - Off-side.
1:19 of 1st overtime period - Tomas Plekanec wins face-off versus Stephen Weiss in neutral zone.
2:38 of 1st overtime period - Shot by Patrick Sharp.
2:38 of 1st overtime period - Shot Misses the Net.
3:09 of 1st overtime period - Icing by Filip Kuba.
3:10 of 1st overtime period - Stephen Weiss wins face-off versus Paul Stastny in Jets zone.
3:10 of 1st overtime period - Stephen Weiss is hit by Paul Stastny.
3:33 of 1st overtime period - Icing by Brent Seabrook.
3:34 of 1st overtime period - Pierre-Alexandr Parenteau wins face-off versus Paul Stastny in Lightning zone.
3:44 of 1st overtime period - Icing by Paul Stastny.
3:45 of 1st overtime period - Paul Stastny wins face-off versus Henrik Sedin in Lightning zone.
4:39 of 1st overtime period - Minor Penalty to Andrej Meszaros for Interference.
4:40 of 1st overtime period - Henrik Sedin wins face-off versus Tomas Plekanec in Lightning zone.
4:49 of 1st overtime period - Shot by Martin Hanzal.
4:49 of 1st overtime period - Deflect By Henrik Sedin.
4:49 of 1st overtime period - Shot Misses the Net.

ShootOut


5:00 of 1st overtime period - Penalty Shot by Martin St. Louis for Lightning.
5:00 of 1st overtime period - Stopped by Ilya Bryzgalov.
5:00 of 1st overtime period - Penalty Shot by Stephen Weiss for Jets.
5:00 of 1st overtime period - Goal by Stephen Weiss.
5:00 of 1st overtime period - Penalty Shot by Patrick Kane for Lightning.
5:00 of 1st overtime period - Goal by Patrick Kane.
5:00 of 1st overtime period - Penalty Shot by Jamie Benn for Jets.
5:00 of 1st overtime period - Stopped by Jaroslav Halak.
5:00 of 1st overtime period - Penalty Shot by Patrick Sharp for Lightning.
5:00 of 1st overtime period - Shot Misses the Net.
5:00 of 1st overtime period - Penalty Shot by Martin Erat for Jets.
5:00 of 1st overtime period - Stopped by Jaroslav Halak.
5:00 of 1st overtime period - Penalty Shot by Tomas Plekanec for Lightning.
5:00 of 1st overtime period - Stopped by Ilya Bryzgalov.
5:00 of 1st overtime period - Penalty Shot by Erik Cole for Jets.
5:00 of 1st overtime period - Shot Misses the Net.
5:00 of 1st overtime period - Penalty Shot by Scott Hartnell for Lightning.
5:00 of 1st overtime period - Goal by Scott Hartnell.
5:00 of 1st overtime period - Penalty Shot by Pierre-Alexandr Parenteau for Jets.
5:00 of 1st overtime period - Goal by Pierre-Alexandr Parenteau.
5:00 of 1st overtime period - Penalty Shot by Teddy Purcell for Lightning.
5:00 of 1st overtime period - Goal by Teddy Purcell.
5:00 of 1st overtime period - Penalty Shot by David Booth for Jets.
5:00 of 1st overtime period - Stopped by Jaroslav Halak.


Output by the SimonT Hockey Simulator (STHS) for Stephane Roy -- Original Page W3C XHTML 1.0 Valid
Hockey Simulator - Hockey Simulation - Hockey Manager